Match 42695611
Unlisted

Match 42695611
End
Engineer Squad
Construct Weapon Support Center
Selects Heavy Weapons
M1919 Machine Gun Team
M1919 Machine Gun Team
Engineer Squad
Engineer Squad
Mechanized Support Center
Selects Assault Carriers
M3 Assault Carrier
Selects M2HB .50cal Heavy Machine Gun
Forward Retreat Point
Construct Tank Depot
Designate Forward Repair Station
Selects Exchangeable Parts
Bazooka Squad
M4A1 Sherman Medium Tank
Designate Forward Repair Station
M4A1 76mm Conversion
M4A1(76) Sherman Medium Tank
M3 Assault Carrier
Improvised Armor
Rapid Repairs
Forward Retreat Point
M4A1(76) Sherman Medium Tank
M4A1(76) Sherman Medium Tank
Scooter
Ghost
이재명
destiny_4d
Liquid
Dragoness
twitch.tv/luck22ai
StarkCG
0
0

Comments sign in to comment!

No comments posted yet!